 Dungeon Sprint DCSS version 0.30-a0-859-gf88a04b62d (webtiles) character file.

Game seed: 4714197771635291116

35240 rocky1 the Sensei (level 13, -30/89 HPs)
             Began as an Octopode Transmuter on Mar 3, 2023.
             Was the Champion of Cheibriados.
             Annihilated by a naga warrior
             ... wielding a +0 halberd
              (35 damage)
             ... in the Dungeon (Sprint VII: "The Pits") on Mar 7, 2023.
             The game lasted 00:16:38 (4621 turns).

rocky1 the Sensei (Octopode Transmuter)             Turns: 4621, Time: 00:16:38

Health: -30/89     AC:  1    Str: 24    XL:     13   Next: 82%
Magic:  1/29       EV: 29    Int: 50    God:    Cheibriados [******]
Gold:   14         SH:  0    Dex: 31    Spells: 13/37 levels left

rFire   + . .      SeeInvis .      - Unarmed
rCold   . . .      Faith    .    (no shield)
rNeg    + . .      Spirit   .    (helmet restricted)
rPois   +          Reflect  .    y - amulet of the Four Winds {rN+ Will+++ Clar}
rElec   .          Rampage  .    l - +3 ring of dexterity
rCorr   .          Clarity  +    m - +3 ring of intelligence
Will    +++..      NoTele   +    z - ring of poison resistance
Stlth   ++++++++                 C - +6 ring of intelligence
HPRegen 0.34/turn                D - ring of protection from fire
MPRegen 0.21/turn                G - +6 ring of intelligence
                                 (no ring)
                                 (no ring)

@: very slow
A: almost no armour, amphibious, 8 rings, camouflage 1, gelatinous body 1,
(nimble swimmer 1), tentacles
a: Renounce Religion, Bend Time, Temporal Distortion, Slouch, Step From Time


You were in the Dungeon.
You worshipped Cheibriados.
Cheibriados was exalted by your worship.
You visited 1 branch You collected 14 gold pieces.

Inventory:

Missiles
 q - 4 curare-tipped darts
 H - a throwing net
Jewellery
 l - a +3 ring of dexterity (left tentacle)
 m - a +3 ring of intelligence (right tentacle)
 y - the amulet of the Four Winds (around mantle) {rN+ Will+++ Clar}
   (You found it in the Dungeon)

   [amulet of nothing]

   rN:        It protects you from negative energy.
   Clar:      It protects you against confusion.
   Will:      It greatly increases your willpower.
 z - a ring of poison resistance (on tentacle)
 A - an amulet of regeneration
 C - a +6 ring of intelligence (on tentacle)
 D - a ring of protection from fire (on tentacle)
 G - a +6 ring of intelligence (on tentacle)
 I - the ring "Pemie" {Fly Int+3}
   (You took it off a guardian mummy in the Dungeon)

   [ring of flight]

   Int:       It affects your intelligence (+3).
   Fly:       It grants you flight.
Wands
 k - a wand of digging (8)
 p - a wand of iceblast (15)
 x - a wand of paralysis (8)
Scrolls
 g - a scroll of blinking
 i - 5 scrolls of amnesia
 j - a scroll of butterflies
 r - 6 scrolls of enchant armour
 s - 2 scrolls of identify
 u - 2 scrolls of fog
 v - 4 scrolls of enchant weapon
 B - a scroll of brand weapon
 E - a scroll of poison
Potions
 a - 2 potions of lignification
 b - 5 potions of curing
 c - 4 potions of heal wounds
 d - 2 potions of haste
 e - 3 potions of magic
 f - a potion of berserk rage
 h - 2 potions of invisibility
 n - 5 potions of might
 o - 2 potions of resistance
 t - 2 potions of mutation
 w - 2 potions of brilliance
 F - a potion of ambrosia {unknown}


   Skills:
 + Level 8.4 Fighting
 + Level 13.5 Dodging
 + Level 16.2 Stealth
 + Level 22.2 Unarmed Combat
 + Level 12.5 Spellcasting
 * Level 4.1 Conjurations
 + Level 12.0 Transmutations
 * Level 8.0 Ice Magic
 * Level 3.9 Air Magic
 + Level 3.4 Poison Magic
 - Level 11.5 Invocations


You had 13 spell levels left.
You knew the following spells:

 Your Spells              Type           Power      Damage    Failure   Level
a - Beastly Appendage     Tmut           100%       N/A       0%          1
b - Wereblood             Tmut           100%       N/A       0%          2
c - Spider Form           Tmut/Pois      83%        N/A       1%          3
d - Ice Form              Ice/Tmut       93%        N/A       1%          4
e - Freezing Cloud        Conj/Ice/Air   35%        6-21      1%          5
f - Polar Vortex          Ice            42%        N/A       100%        9

Your spell library contained the following spells:

 Spells                   Type           Power      Damage    Failure   Level
 Cigotuvi's Dreadful Rot  Necr/Pois/Air  100%       N/A       1%          2
 Simulacrum               Ice/Necr       32%        N/A       21%         6
 Summon Cactus Giant      Summ           15%        N/A       71%         6
 Summon Hydra             Summ           15%        N/A       99%         7


Dungeon Overview and Level Annotations

Branches:
Dungeon (1/1)

Altars:
Ashenzari
Cheibriados
Dithmenos
Elyvilon
Fedhas
Gozag
Hepliaklqana
Kikubaaqudgha
Makhleb
Nemelex Xobeh
Okawaru
Qazlal
Ru
Sif Muna
Trog
Uskayaw
Vehumet
Wu Jian
Xom
Yredelemnul
Zin
The Shining One
Jiyva
Lugonu


Innate Abilities, Weirdness & Mutations

You cannot wear most types of armour.
You are amphibious.
You can wear up to eight rings at the same time.
Your skin changes colour to match your surroundings (Stealth+).
Your rubbery body absorbs attacks. (AC +1, EV +1)
((You are camouflaged when in or above water. (Stealth+)))
You have tentacles for arms and can constrict up to eight enemies at once.


Message History

You kill the orc knight!
Cheibriados appreciates the change of pace.
You kill the orc knight!
Cheibriados appreciates the change of pace.
You kill the orc warlord!
Cheibriados thoroughly appreciates the change of pace.
The naga warrior hits you from afar with a +0 halberd!!
Your Unarmed Combat skill increases to level 22!
Your Conjurations skill increases to level 3!
Your Transmutations skill increases to level 12!
Your Air Magic skill increases to level 3!
Unknown command.
Unknown command.
Casting: Spider Form (safe; 1% risk of failure)
Confirm with . or Enter, or press ? or * to list all spells.
You don't have enough magic to cast this spell.
The naga warrior spits poison at you. The splash of poison hits you.
You resist. The naga warrior spits poison at you.
The splash of poison misses you.
You tentacle-slap the orc knight. You grab the orc knight.
You squeeze the orc knight.
The orc knight is almost dead.
You constrict the orc knight, but do no damage.
The orc knight hits you with a +0 great mace!!
* * * LOW HITPOINT WARNING * * *
You tentacle-slap the orc knight but do no damage.
You squeeze the orc knight.
The orc knight is almost dead.
You constrict the orc knight.
You kill the orc knight!
Cheibriados thoroughly appreciates the change of pace.
Your Conjurations skill increases to level 4!
Your Ice Magic skill increases to level 8!
Unknown command.
The naga warrior hits you with a +0 halberd!!
* * * LOW HITPOINT WARNING * * *
The naga warrior barely misses you.
The naga warrior hits you with a +0 halberd!!
You die...

...# ...# #..# ...+ ...+ #''#
#''##############################
#................................
#.......).......@................
#..##############N)##############
#..# .).).. # #..# ..))...# #
#..# ###))#### # #..#


)))) # #))# ..... # #..# ..... # #..# # You could see a naga warrior.

Vanquished Creatures
  A profane servitor (D)
  A nagaraja (D)
  A ghost moth (D)
  2 emperor scorpions (D)
  2 orc warlords (D)
  Nessos (D)
  A purple draconian (D)
  Azrael (D)
  A merfolk impaler (D)
  Snorg (D)
  A rakshasa (D)
  A great orb of eyes (D)
  A boulder beetle (D)
  2 merfolk aquamancers (D)
  2 death knights (D)
  A naga warrior (D)
  A vampire mage (D)
  Sonja (D)
  A soul eater (D)
  A shadow wraith (D)
  A spriggan druid (D)
  A swamp dragon (D)
  A deep elf zephyrmancer (D)
  9 orc knights (D)
  An orc sorcerer (D)
  Maurice (D)
  Joseph (D)
  2 elephants (D)
  A merfolk siren (D)
  A demonic crawler (D)
  A smoke demon (D)
  A gargoyle (D)
  A freezing wraith (D)
  An efreet (D)
  A yaktaur (D)
  A komodo dragon (D)
  2 ice devils (D)
  A guardian mummy (D)
  4 merfolk (D)
  A tyrant leech (D)
  A red devil (D)
  A hornet (D)
  2 tarantellas (D)
  A spriggan (D)
  2 ynoxinuls (D)
  A flying skull (D)
  6 water elementals (D)
  A wyvern (D)
  6 yaks (D)
  5 fire elementals (D)
  2 vampire mosquitoes (D)
  2 redbacks (D)
  4 nagas (D)
  A water moccasin (D)
  5 hell hounds (D)
  2 acid dragons (D)
  Pargi (D)
  A floating eye (D)
  4 orc warriors (D)
  A sky beast (D)
  2 black bears (D)
  2 ogres (D)
  A phantom (D)
  A kobold brigand (D)
  A scorpion (D)
  2 crimson imps (D)
  A hound (D)
  A quasit (D)
  A gnoll bouda (D)
  2 orc priests (D)
  An iron imp (D)
  A hell rat (D)
  An iguana (D)
  5 adders (D)
  3 gnolls (D)
  A white imp (D)
  A worm (D)
  10 orcs (D)
  3 endoplasms (D)
  A goblin (D)
  2 quokkas (D)
  2 ball pythons (D)
  2 bats (D)
153 creatures vanquished.

Vanquished Creatures (others)
  An air elemental (D)
1 creature vanquished.

Grand Total: 154 creatures vanquished

Notes
Turn   | Place    | Note
-------+----------+-------------------------------------------
     0 | D        | rocky1 the Octopode Transmuter began the quest for the Orb.
     0 | D        | Reached XP level 1. HP: 13/13 MP: 3/3
    23 | D        | Found a bloodstained altar of Trog.
    23 | D        | Found a shimmering blue altar of Sif Muna.
    23 | D        | Found a viscous altar of Jiyva.
    23 | D        | Found a hazy altar of Hepliaklqana.
    23 | D        | Found an opulent altar of Gozag.
    24 | D        | Found a glowing golden altar of the Shining One.
    24 | D        | Found a glowing silver altar of Zin.
    24 | D        | Found a basalt altar of Yredelemnul.
    24 | D        | Found a shimmering altar of Xom.
    24 | D        | Found an ornate altar of the Wu Jian Council.
    24 | D        | Found a sacrificial altar of Ru.
    24 | D        | Found a stormy altar of Qazlal.
    24 | D        | Found an iron altar of Okawaru.
    24 | D        | Found a sparkling altar of Nemelex Xobeh.
    24 | D        | Found a burning altar of Makhleb.
    24 | D        | Found a blossoming altar of Fedhas.
    24 | D        | Found a white marble altar of Elyvilon.
    24 | D        | Found a shadowy altar of Dithmenos.
    24 | D        | Found a snail-covered altar of Cheibriados.
    28 | D        | Found a corrupted altar of Lugonu.
    28 | D        | Found a radiant altar of Vehumet.
    29 | D        | Found a broken altar of Ashenzari.
    29 | D        | Found an ancient bone altar of Kikubaaqudgha.
    29 | D        | Found a hide-covered altar of Uskayaw.
    35 | D        | Became a worshipper of Cheibriados the Contemplative
    76 | D        | Reached skill level 1 in Stealth
    76 | D        | Reached skill level 4 in Unarmed Combat
    76 | D        | Reached skill level 1 in Invocations
    76 | D        | Reached XP level 2. HP: 18/18 MP: 3/5
    80 | D        | Reached * piety under Cheibriados
    85 | D        | Learned a level 2 spell: Wereblood
   295 | D        | Noticed a floating eye
   302 | D        | Killed a floating eye
   302 | D        | Reached ** piety under Cheibriados
   303 | D        | Reached skill level 5 in Unarmed Combat
   303 | D        | Reached XP level 3. HP: 26/26 MP: 6/8
   303 | D        | Reached XP level 4. HP: 31/31 MP: 6/9
   305 | D        | Noticed an orc warrior
   308 | D        | Reached XP level 5. HP: 36/36 MP: 6/10
   311 | D        | Reached *** piety under Cheibriados
   316 | D        | Killed an orc warrior
   317 | D        | Reached skill level 5 in Stealth
   317 | D        | Reached skill level 7 in Unarmed Combat
   317 | D        | Reached skill level 5 in Invocations
   317 | D        | Reached XP level 6. HP: 35/42 MP: 5/12
   318 | D        | Reached **** piety under Cheibriados
   360 | D        | Learned a level 3 spell: Spider Form
   365 | D        | Learned a level 4 spell: Ice Form
   396 | D        | Noticed a sky beast
   409 | D        | Killed a sky beast
   410 | D        | Reached skill level 5 in Transmutations
   666 | D        | Reached skill level 5 in Dodging
   666 | D        | Reached skill level 8 in Unarmed Combat
   666 | D        | Reached skill level 5 in Spellcasting
   668 | D        | Reached XP level 7. HP: 36/46 MP: 5/15
   668 | D        | Reached ***** piety under Cheibriados
   679 | D        | Reached skill level 9 in Unarmed Combat
   843 | D        | Noticed a redback
   846 | D        | Killed a redback
   853 | D        | Reached ****** piety under Cheibriados
   854 | D        | Reached XP level 8. HP: 38/52 MP: 12/17
   862 | D        | Noticed Maurice
   881 | D        | Killed Maurice
   882 | D        | Reached skill level 10 in Unarmed Combat
   882 | D        | Reached skill level 1 in Ice Magic
  1095 | D        | Noticed Sonja
  1095 | D        | Noticed a gargoyle
  1103 | D        | Killed a gargoyle
  1104 | D        | Reached skill level 11 in Unarmed Combat
  1108 | D        | Killed Sonja
  1109 | D        | Reached XP level 9. HP: 37/58 MP: 14/20
  1352 | D        | Noticed a tyrant leech
  1352 | D        | Noticed an emperor scorpion
  1353 | D        | Noticed a great orb of eyes
  1357 | D        | Reached skill level 10 in Invocations
  1365 | D        | Killed an emperor scorpion
  1366 | D        | Reached skill level 10 in Stealth
  1366 | D        | Reached skill level 12 in Unarmed Combat
  1367 | D        | Killed a tyrant leech
  1368 | D        | Reached XP level 10. HP: 60/63 MP: 17/22
  1372 | D        | Reached skill level 13 in Unarmed Combat
  1374 | D        | Paralysed by a great orb of eyes for 5 turns
  1380 | D        | Killed a great orb of eyes
  1395 | D        | Upgraded the game from 0.30-a0-847-g17996783a1 to
                  | 0.30-a0-859-gf88a04b62d
  1660 | D        | Noticed an emperor scorpion
  1662 | D        | Reached skill level 14 in Unarmed Combat
  1679 | D        | Killed an emperor scorpion
  1680 | D        | Reached skill level 5 in Fighting
  1680 | D        | Reached skill level 15 in Unarmed Combat
  1874 | D        | Noticed a spriggan druid
  1874 | D        | Noticed a vampire mage
  1887 | D        | Killed a vampire mage
  1888 | D        | Reached XP level 11. HP: 41/72 MP: 14/24
  1890 | D        | Killed a spriggan druid
  1891 | D        | Reached skill level 16 in Unarmed Combat
  2187 | D        | Noticed Pargi
  2187 | D        | Noticed a nagaraja
  2193 | D        | Killed Pargi
  2199 | D        | Killed a nagaraja
  2598 | D        | Found the amulet of the Four Winds {rN+ Will+++ Clar}
  2964 | D        | Noticed Joseph
  2964 | D        | Noticed a merfolk aquamancer
  2974 | D        | Killed a merfolk aquamancer
  2975 | D        | Reached skill level 17 in Unarmed Combat
  2975 | D        | Reached skill level 10 in Spellcasting
  2980 | D        | Reached skill level 10 in Dodging
  2985 | D        | Killed Joseph
  2986 | D        | Reached skill level 10 in Transmutations
  3475 | D        | Reached skill level 1 in Poison Magic
  3480 | D        | Noticed Azrael
  3488 | D        | Reached XP level 12. HP: 56/80 MP: 11/26
  3490 | D        | Killed Azrael
  3491 | D        | Reached skill level 5 in Ice Magic
  3507 | D        | Reached skill level 18 in Unarmed Combat
  3605 | D        | Noticed a merfolk aquamancer
  3605 | D        | Noticed a soul eater
  3605 | D        | Noticed a profane servitor
  3614 | D        | Killed a soul eater
  3615 | D        | Killed a merfolk aquamancer
  3616 | D        | Reached skill level 19 in Unarmed Combat
  3619 | D        | Killed a profane servitor
  4253 | D        | Noticed Nessos
  4254 | D        | Noticed a purple draconian
  4255 | D        | Noticed a merfolk impaler
  4256 | D        | Killed Nessos
  4257 | D        | Reached skill level 15 in Stealth
  4260 | D        | Killed a ghost moth
  4273 | D        | Killed a purple draconian
  4283 | D        | Killed a merfolk impaler
  4284 | D        | Reached skill level 20 in Unarmed Combat
  4284 | D        | Reached XP level 13. HP: 88/88 MP: 22/28
  4305 | D        | Identified the ring "Pemie" {Fly Int+3}
  4315 | D        | HP: 4/88 [orc knight/+4 morningstar (23)]
  4353 | D        | Reached skill level 21 in Unarmed Combat
  4372 | D        | Noticed Snorg
  4378 | D        | Killed Snorg
  4515 | D        | Got the Exposition on Accompaniment and Contamination
  4573 | D        | Learned a level 5 spell: Freezing Cloud
  4583 | D        | Learned a level 9 spell: Polar Vortex
  4610 | D        | Noticed an orc warlord
  4611 | D        | Noticed an orc warlord
  4611 | D        | Noticed a rakshasa
  4615 | D        | Killed a rakshasa
  4616 | D        | Killed an orc warlord
  4616 | D        | Killed an orc warlord
  4617 | D        | Reached skill level 22 in Unarmed Combat
  4621 | D        | Annihilated by a naga warrior

Illustrated notes

Levels and vault maps discovered:
D:        pitsprint [storerooms_1, entrance_room_1, metal_vault_4, armoury_2,
          mini_pit_1, grid_room_1, main_hall_1, silver_pit, the_coven_3,
          the_vestibule_1, steel_vault_5, golden_pit, hallway_of_sentries,
          crystal_vault_4, iron_vault_4, final_vault]

Skill      XL: |  1  2  3  4  5  6  7  8  9 10 11 12 13 |
---------------+----------------------------------------+-----
Stealth        | 1 4 5 6 7 9 10 11 13 15 16 | 16.2
Unarmed Combat | 4 5 7 8 9 11 12 15 17 20 22 | 22.2
Invocations    | 1 3 5 6 8 9 10 11 | 11.5
Fighting       | 3 4 5 6 7 8 |  8.4
Dodging        | 3 4 5 6 7 8 10 12 13 | 13.5
Spellcasting   | 3 4 5 6 7 8 9 10 11 12 | 12.5
Transmutations | 3 4 5 6 7 8 9 10 11 12 | 12.0
Ice Magic      | 1 2 3 4 6 8 |  8.0
Poison Magic   | 1 2 3 |  3.4
Conjurations   | 4 |  4.1
Air Magic      | 3 |  3.9

Action                     |  1- 3 |  4- 6 |  7- 9 | 10-12 | 13-15 || total
---------------------------+-------+-------+-------+-------+-------++-------
  Melee: Unarmed           |     9 |    32 |    53 |   131 |    71 ||   296
         Tentacles         |     2 |     6 |       |     1 |     2 ||    11
         Kick              |     3 |     3 |       |       |       ||     6
         Constrict         |     2 |     4 |       |     1 |     1 ||     8
         Punch             |       |     2 |       |     1 |       ||     3
   Cast: Beastly Appendage |     3 |     1 |       |     2 |       ||     6
         Wereblood         |       |     3 |     3 |     7 |     1 ||    14
         Ice Form          |       |     1 |     3 |     9 |       ||    13
         Spider Form       |       |       |       |     2 |     2 ||     4
 Invoke: Slouch            |       |       |       |    15 |     6 ||    21
    Use: Potion            |       |       |     2 |     9 |     3 ||    14
   Stab: Sleeping          |     2 |       |     3 |     6 |       ||    11
         Distracted        |       |       |       |       |     1 ||     1
 Armour: Skin              |     1 |     4 |    11 |    48 |       ||    64
  Dodge: Dodged            |     3 |    13 |    34 |   134 |    76 ||   260

Table legend: (Time is in decaauts)
 A = Elapsed time spent in this place.
 B = Non-inter-level travel time spent in this place.
 C = Inter-level travel time spent in this place.
 D = Time resting spent in this place.
 E = Time spent auto-exploring this place.
 F = Levels seen in this place.
 G = Mean time per level.
                   A        B        C        D        E       F      G
               +--------+--------+--------+--------+--------+-----+--------+
         Total |   5522 |   5334 |    188 |   3033 |      0 |   1 | 5522.0 |
       Dungeon |   5522 |   5334 |    188 |   3033 |      0 |   1 | 5522.0 |
               +--------+--------+--------+--------+--------+-----+--------+

Top non-repeatable levels by time:
       D: 5522 daAuts
